 Dungeon Crawl Stone Soup version 0.25.1-8-g42b30a86e7 (webtiles) character file.

Game seed: 7045080978124749378

1054 hehateme the Ruffian (level 8, -4/79 HPs)
             Began as a Troll Fighter on Dec 11, 2020.
             Was a Believer of Makhleb.
             Slain by a wight
             ... wielding a +0 long sword
              (12 damage)
             ... on level 5 of the Dungeon.
             The game lasted 00:08:07 (4149 turns).

hehateme the Ruffian (Troll Fighter)                Turns: 4149, Time: 00:08:07

Health: -4/79      AC:  6    Str: 27    XL:     8   Next: 5%
Magic:  0/7        EV:  8    Int:  4    God:    Makhleb [**....]
Gold:   229        SH:  9    Dex:  9    Spells: 7/7 levels left

rFire    . . .     SeeInvis .     - Unarmed
rCold    . . .     Gourm    +   b - +0 kite shield
rNeg     . . .     Faith    .   a - +0 robe
rPois    .         Spirit   +   (helmet restricted)
rElec    .         Reflect  .   (no cloak)
rCorr    .         Harm     .   (gloves unavailable)
MR       .....                  (boots unavailable)
Stlth    +.........             G - amulet of guardian spirit {Spirit}
HPRegen  0.63/turn              l - +4 ring of protection
MPRegen  0.10/turn              (no ring)

@: corroded, drained
A: large, unfitting armour, claws 3, fast metabolism 3, gourmand, regeneration
1, shaggy fur 1, tough skin 3
a: Minor Destruction, Renounce Religion


You were on level 5 of the Dungeon.
You worshipped Makhleb.
Makhleb was pleased with you.
You were completely stuffed.

You visited 1 branch of the dungeon, and saw 5 of its levels.

You collected 229 gold pieces.

Inventory:

Missiles
 f - 35 poisoned darts
 k - 3 boomerangs
 p - 171 stones (quivered)
 w - 77 sling bullets
 z - 5 javelins
 Q - 10 arrows
Armour
 a - a +0 robe (worn)
 b - a +0 kite shield (worn)
Jewellery
 l - a +4 ring of protection (left claw)
 x - an uncursed amulet of inaccuracy
 G - an amulet of guardian spirit (around neck) {Spirit}
Wands
 u - a wand of clouds (12)
Scrolls
 d - 4 scrolls of remove curse
 i - 4 scrolls of identify
 m - a scroll of fog {unknown}
 o - 2 scrolls of magic mapping {unknown}
 q - a scroll of immolation {unknown}
 y - a scroll of random uselessness {unknown}
 A - a scroll of teleportation {unknown}
 B - 2 scrolls of amnesia {unknown}
 C - a scroll of enchant weapon {unknown}
 D - a scroll of blinking {unknown}
Potions
 g - a potion of brilliance {unknown}
 h - 2 potions of heal wounds
 j - 3 potions of ambrosia {unknown}
 n - 3 potions of curing {unknown}
 r - a potion of stabbing {unknown}
 s - a potion of resistance {unknown}
 v - 2 potions of flight {unknown}
 E - 2 potions of lignification {unknown}
Comestibles
 c - a chunk of flesh
 e - 8 rations


   Skills:
 + Level 4.7(4.1) Fighting
 - Level 2.4(1.8) Dodging
 + Level 4.0(3.4) Shields
 * Level 7.3(6.6) Unarmed Combat


You had 7 spell levels left.
You didn't know any spells.
Your spell library was empty.

Dungeon Overview and Level Annotations

Branches:
Dungeon (5/15)             Temple (0/1) D:5

Altars:
Elyvilon
Kikubaaqudgha
Makhleb
Okawaru
Uskayaw
Xom

Portals:
Sewer: D:5

Annotations:
D:2 1 runed translucent door, Crazy Yiuf
D:5 Eustachio


Innate Abilities, Weirdness & Mutations

You are too large for most types of armour.
You have claws for hands.
Your metabolism is lightning-fast.
You like to eat raw meat.
Your natural rate of healing is unusually fast.
You are covered in fur. (AC +1)
You have extremely tough skin. (AC +3)


Message History

You block the quokka's attack. The iron imp puffs mist at you.
You block the river rat's attack. The jelly hits you but does no damage.
The wight hits you with a +0 long sword.
* * * LOW HITPOINT WARNING * * *
You take 1 damage, and have 10/79 hp.
Unknown command.
You closely miss Eustachio. The bat hits you but does no damage.
The quokka bites you.
* * * LOW HITPOINT WARNING * * *
Eustachio zaps a wand.
You resist with some effort. The river rat barely misses you.
The bat hits you but does no damage. The jelly barely misses you.
You take 3 damage, and have 7/79 hp.
Unknown command.
Unknown command.
You barely miss Eustachio. You block the quokka's attack.
The wight hits you with a +0 long sword!
* * * LOW MAGIC WARNING * * *
You die...

........#..##....#..........
.....).............#..#.##..
..####..#...#..#.##..#.##..
#..###.#####.....#####
#>.###..####....##
#...#..........##
##..........##.
.#.##)rb#..(.. # .....5z@#
... ####..r@J5!# . #...5b.##
#.!...... ...........
...#......### ...##.......
..# #........

Skill      XL: |  1  2  3  4  5  6  7  8 |
---------------+-------------------------+-----
Unarmed Combat | 3 4 5 6 7 |  7.3
Fighting       | 3 4 |  4.7
Shields        | 3 4 |  4.0
Dodging        | |  2.4

Notes
Turn   | Place    | Note
-------+----------+-------------------------------------------
     0 | D:1      | hehateme the Troll Fighter began the quest for the Orb.
     0 | D:1      | Reached XP level 1. HP: 22/22 MP: 0/0
    64 | D:1      | Reached XP level 2. HP: 29/29 MP: 1/1
   333 | D:1      | Reached skill level 3 in Unarmed Combat
   699 | D:2      | Found a faded altar of an unknown god.
   737 | D:2      | Reached XP level 3. HP: 36/36 MP: 2/2
   772 | D:2      | Found a runed translucent door.
   773 | D:2      | Noticed Crazy Yiuf
  1003 | D:2      | Found a shimmering altar of Xom.
  1116 | D:2      | Reached skill level 3 in Fighting
  1244 | D:2      | Found a burning altar of Makhleb.
  1252 | D:2      | Became a worshipper of Makhleb the Destroyer
  1673 | D:3      | Reached XP level 4. HP: 45/45 MP: 3/3
  1790 | D:3      | Found a white marble altar of Elyvilon.
  1835 | D:3      | Found an ancient bone altar of Kikubaaqudgha.
  1912 | D:3      | Reached skill level 4 in Unarmed Combat
  2128 | D:3      | Reached * piety under Makhleb
  2178 | D:3      | Reached XP level 5. HP: 53/53 MP: 4/4
  2896 | D:4      | Noticed a phantom
  2924 | D:3      | Reached skill level 5 in Unarmed Combat
  3020 | D:4      | Killed a phantom
  3020 | D:4      | Reached XP level 6. HP: 53/62 MP: 5/5
  3111 | D:4      | Reached skill level 3 in Shields
  3231 | D:4      | Reached skill level 4 in Fighting
  3231 | D:4      | Reached skill level 6 in Unarmed Combat
  3284 | D:4      | Reached ** piety under Makhleb
  3383 | D:4      | Found an iron altar of Okawaru.
  3453 | D:5      | Entered Level 5 of the Dungeon
  3465 | D:5      | Reached XP level 7. HP: 56/70 MP: 6/6
  3640 | D:5      | Found a hide-covered altar of Uskayaw.
  3682 | D:5      | Noticed Sigmund
  3703 | D:5      | Found a staircase to the Ecumenical Temple.
  3710 | D:5      | Noticed Pikel
  3723 | D:5      | HP: 17/70 [Pikel/+1 whip of electrocution (17)]
  3727 | D:5      | HP: 8/70 [slave[Pikel] (2)]
  3731 | D:5      | Killed Pikel
  3731 | D:5      | Reached skill level 7 in Unarmed Combat
  3832 | D:5      | Reached XP level 8. HP: 77/79 MP: 7/7
  3857 | D:5      | HP: 16/79 [something (9)]
  3861 | D:5      | Killed Sigmund
  3861 | D:5      | Reached skill level 4 in Shields
  3862 | D:5      | HP: 17/79 [poisoned by an orc]
  3869 | D:5      | HP: 18/79 [poisoned by an orc]
  4074 | D:5      | Found a glowing drain.
  4125 | D:5      | Noticed Eustachio
  4143 | D:5      | HP: 18/79 [acid (9)]
  4148 | D:5      | HP: 7/79 [quokka[Eustachio] (4)]
  4149 | D:5      | Slain by a wight

Table legend:
 A = Turns spent in this place as a percentage of turns spent in the entire game.
 B = Non-inter-level travel turns spent in this place as a percentage of non-inter-level travel turns spent in the entire game.
 C = Inter-level travel turns spent in this place as a percentage of turns spent in this place.
 D = Turns resting spent in this place as a percentage of non-inter-level travel turns spent in this place.
 E = Turns spent auto-exploring this place as a percentage of non-inter-level travel turns spent in this place.
 F = Non-inter-level travel turns spent in this place divided by the number of levels of this place that you've seen.
                   A       B       C       D       E      F
               +-------+-------+-------+-------+-------+----------------------
         Total | 100.0 | 100.0 |   3.3 |   6.4 |  72.5 | 802.6
       Dungeon | 100.0 | 100.0 |   3.3 |   6.4 |  72.5 | 802.6
               +-------+-------+-------+-------+-------+----------------------

Table legend:
 A = Kills in this place as a percentage of kills in entire the game.
 B = Kills by you in this place as a percentage of kills by you in the entire game.
 C = Kills by friends in this place as a percentage of kills by friends in the entire game.
 D = Other kills in this place as a percentage of other kills in the entire game.
 E = Experience gained in this place as a percentage of experience gained in the entire game.
 F = Experience gained in this place divided by the number of levels of this place that you have seen.
                   A       B       C       D       E      F
               +-------+-------+-------+-------+-------+----------------------
         Total | 100.0 | 100.0 |   N/A | 100.0 | 100.0 | 301.4
       Dungeon | 100.0 | 100.0 |   N/A | 100.0 | 100.0 | 301.4
               +-------+-------+-------+-------+-------+----------------------

Action                   |  1- 3 |  4- 6 |  7- 9 || total
-------------------------+-------+-------+-------++-------
Melee: Unarmed           |   121 |   138 |    62 ||   321
Throw: Stone             |   121 |   114 |     6 ||   241
  Use: Scroll            |       |       |     2 ||     2
       Potion            |       |       |     2 ||     2
  Eat: Chunk             |    21 |    16 |     7 ||    44
Armor: Robe              |    41 |    25 |    55 ||   121
Dodge: Dodged            |    43 |    27 |    51 ||   121
Block: Kite shield       |    67 |    44 |    71 ||   182

Vanquished Creatures
  Pikel (D:5)
  Sigmund (D:5)
  An ogre (D:4)
  2 phantoms (D:4)
  2 orc wizards (D:5)
  An orc priest (D:3)
  An iguana (D:4)
  7 gnolls
  3 adders
  An adder skeleton (D:4)
  A dart slug (D:1)
  3 leopard geckos
  13 orcs
  7 bats
  8 giant cockroaches
  8 goblins
  13 hobgoblins
  4 jackals
  A quokka (D:5)
  3 ball pythons
  2 frilled lizards
  A jackal skeleton (D:4)
  13 kobolds
  A quokka skeleton (D:4)
  12 rats
110 creatures vanquished.

Vanquished Creatures (others)
  A slave (D:5)
  An orc priest (D:5)
  3 gnolls (D:5)
  An orc (D:5)
6 creatures vanquished.

Grand Total: 116 creatures vanquished You could see Eustachio, a jelly, an iron imp (summoned), a wight, a quasit (summoned), a river rat (summoned), a shadow imp (summoned), a quokka (summoned) and 2 bats.

Levels and vault maps discovered:
D:1:      scummos_arrival_hexagon, layout_rooms
D:2:      minmay_recursive_quarters, layout_basic, lemuel_crystal_altar,
          chequers_ecumenical_altar_twisty, xom_teletrap_fun,
          uniq_crazy_yiuf_cottage
D:3:      layout_basic, kiku_gazebo_pond_becter, marbit_many_paths, st_stairs_5,
          minmay_quadrilaterals
D:4:      layout_cave_pools, okawaru_metal_pillars_1_2, first_ration, tgw_sif
D:5:      layout_cave_pools, old_standard_altar, temple_pool_b,
          portal_sewer_entry_d, sword_in_stone, uniq_sigmund, uniq_eustachio,
          uniq_grinder, uniq_pikel
